[Event "XXII Rochefort Chess Masters"]
[Site "ROCHEFORT, France"]
[Date "2024.02.20"]
[Round "6.2"]
[White "Sivuk, Vitaly"]
[Black "Larkin, Vladyslav"]
[Result "1-0"]
[TimeControl "1h30/40 - 30' + [30'']"]
[WhiteElo "2520"]
[BlackElo "2460"]

1. d4 Nf6 2. c4 e6 3. Bg5 c5 4. d5 exd5 5. cxd5 d6 6. Nc3 Be7 7. Nf3 O-O 8.
e3 Bg4 9. Be2 Bxf3 10. Bxf3 Nbd7 11. O-O Rb8 12. a4 a6 13. a5 Re8 14. Bf4 Bf8 15. Qc2 Qc7 16.
h3 g6 17. Ra4 Ne5 18. Be2 Bg7 19. Bh2 Qe7 20. Rb1 Rbc8 21. Qd2 c4 22. Rb4 Qc7 23. Ra1 Nfd7 24. Ne4 h6 25. Raa4 f5 26. Bxe5 Nxe5 27. Nc3 Nd7 28.
Rxc4 Nc5 29. Ra3 Qe7 30. g3 Nd7 31. Raa4 Nc5 32. Rab4 Rc7 33. Qc2 Rec8 34. Kg2 Qf7 35. h4 h5 36. Bf3 Nd7 37. Ne2 Ne5 38. Rxc7 Rxc7 39. Qb3 Kh7 40. Nf4 Nd7 41.
Rxb7 Nc5 42. Rxc7 Qxc7 43. Qa3 Nb7 44.
b4 Qc4 45. Qa4 Nc5 46. Qe8 1-0



[ePGN "0.1;DGT LiveChess/2.2.6"]

[Event "XXII Rochefort Chess Masters"]
[Site "ROCHEFORT, France"]
[Date "2024.02.21"]
[Round "7.4"]
[White "Roshka, Yevgeniy"]
[Black "Boyer, Mahel"]
[Result "1/2-1/2"]
[TimeControl "1h30/40 - 30' + [30'']"]
[WhiteElo "2474"]
[BlackElo "2418"]

1. Nf3 d5 2. d4 e6 3. c4 a6 4. Nbd2 Nf6 5. g3 c5 6. Bg2 Nc6 7. O-O h6 8.
a3 a5 9. h3 a4 10. cxd5 exd5 11. dxc5 Bxc5 12. b4 axb3 13. Nxb3 Bb6 14. Qd3 O-O 15. Be3 Bxe3 16. Qxe3 Re8 17. Qd3 Ne4 18. Nbd4 Na5 19. Nd2 Qf6 20. Qb5 Bxh3 21. Nxe4 dxe4 22. Bxh3 Qxd4 23. Rfd1 Qf6 24.
Rac1 e3 25. f4 Nc6 26. Bd7 Qg6 27. Kg2 Qe4+ 28. Kg1 Qg6 29. Kg2 Qe4+ 30. Kg1 Re7 31. Qxb7 Nd4 32. Qxe4 Nxe2+ 33. Kg2 Rxe4 34. Bc6 Rc8 35. Bxe4 Nxc1 36. a4 e2 37. Re1 Rc4 38.
Bf3 g6 39. a5 Nb3 40. Bd5 Nxa5 41. Bxc4 Nxc4 42.
Rxe2 h5 43. f5 Kg7 44. Kf3 Nd6 45. fxg6 Kxg6 46. Rd2 Nf5 47. Rd8 f6 48. Kf4 Ng7 49. Ke4 Nf5 50. Rd3 Ne7 51. Ra3 Nf5 52.
Rc3 Ne7 53. Rc5 Ng8 54. Kd5 Kf5 55. Kd6+ Kg4 56. Ke6 Nh6 57. Rc3 f5 58. Kf6 f4 59. gxf4 Kxf4 60. Kg6 Ng4 61. Rc4+ Ke5 62. Kxh5 Ne3 63. Rc8 Nf5 64. Re8+ Kd5 65. Kg5 Nd6 66. Re1 Nb5 67. Kf4 Nd6 68. Re5+ Kd4 69. Ra5 Nc4 70. Ra1 Kd5 71. Rd1+ Ke6 72. Ke4 Nd6+ 73. Rxd6+ Kxd6 1/2-1/2

[Event "XXII Rochefort Chess Masters"]
[Site "ROCHEFORT, France"]
[Date "2024.02.21"]
[Round "7.2"]
[White "Eugene, Floryan"]
[Black "Romanov, Evgeny"]
[Result "1/2-1/2"]
[TimeControl "1h30/40 - 30' + [30'']"]
[WhiteElo "2404"]
[BlackElo "2593"]

1. e4 e6 2. d4 d5 3. Nc3 Bb4 4. e5 b6 5. h4 Qd7 6. h5 h6 7. Qg4 Bf8 8. Be3 Ne7 9.
O-O-O a5 10. f4 Ba6 11. Qf3 b5 12. g4 b4 13. Nce2 a4 14. b3 c5 15. Kd2 Nec6 16. Ke1 cxd4 17. Nxd4 Nxd4 18. Bxd4 Nc6 19. Be3 Be7 20. Bxa6 Rxa6 21. Qe2 Ra5 22. Nf3 f6 23.
Bb6 Ra8 24. g5 hxg5 25. h6 g4 26. Ng1 Bf8 27. exf6 gxf6 28. Qxg4 axb3 29. axb3 e5 30.
Qf3 e4 31. Qh5+ Qf7 32. Qxd5 Qxd5 33.
Rxd5 Ra1+ 34. Ke2 Rxh6 35. Rxh6 Bxh6 36.
Rd6 Ne7 37. Rxf6 Bg7 38. Re6 Kf7 39. Rxe4 Nd5 40. Bd4 Bxd4 41. Rxd4 Nc3+ 42. Kd3 Rxg1 43. Rxb4 Rg3+ 44. Kd4 Ne2+ 45. Ke5 Rc3 46. Rc4 Rxc4 47. bxc4 Ke7 48. c5 Ng1 49. c6 Nf3+ 50. Kd5 Nh4 51. c3 Kd8 52. Kd6 Kc8 53. c7 1/2-1/2

[Event "XXII Rochefort Chess Masters"]
[Site "ROCHEFORT, France"]
[Date "2024.02.21"]
[Round "7.5"]
[White "Larkin, Vladyslav"]
[Black "Favarel, Julien"]
[Result "1/2-1/2"]
[TimeControl "1h30/40 - 30' + [30'']"]
[WhiteElo "2460"]
[BlackElo "2294"]

1. d4 Nf6 2. Bf4 g6 3.
e3 Bg7 4. h3 O-O 5. Nd2 c5 6.
c3 b6 7. a4 Nc6 8. Ngf3 Bb7 9. Bh2 d6 10. Be2 cxd4 11. exd4 e5 12. dxe5 dxe5 13. Nc4 e4 14. Nfd2 Ne7 15. a5 Nf5 16. a6 Bd5 17. Nf1 Bxc4 18. Bxc4 Qc8 19. Qe2 Bh6 20. Ne3 Bxe3 21. fxe3 Nh5 22. Kf2 Qd8 23. Rhe1 Qh4+ 24. Kg1 Rad8 25. Bb5 Nhg3 26. Qf2 Rd6 27.
Rad1 Rfd8 28. Rxd6 Rxd6 29. Bc4 h5 30. Bb3 Qg5 31. Bxg3 Qxg3 32. Qxg3 Nxg3 33. Rd1 Rxd1+ 34. Bxd1 Kf8 35. Bb3 Ke7 36. Bd5 h4 37. Kf2 f5 38. b4 Kd6 39. Bf7 g5 40. c4 Nh1+ 41. Kg1 Ng3 42. Kf2 Kd7 43. Bg6 f4 44. Bh7 Kd6 45. Bg6 Kc7 46. Bh7 Kd7 47. Bg6 Kd6 48. Bh7 Ke5 49. c5 b5 50. Bg6 Nf5 51. Bxf5 Kxf5 52. Ke2 Ke5 53.
Kf2 Kd5 54. Ke2 Ke5 1/2-1/2

[Event "XXII Rochefort Chess Masters"]
[Site "ROCHEFORT, France"]
[Date "2024.02.21"]
[Round "7.1"]
[White "Droin, Augustin"]
[Black "Sivuk, Vitaly"]
[Result "1/2-1/2"]
[TimeControl "1h30/40 - 30' + [30'']"]
[WhiteElo "2471"]
[BlackElo "2520"]

1. e4 e5 2. Nf3 Nc6 3. Bb5 a6 4. Ba4 Nf6 5. O-O Be7 6. Re1 b5 7. Bb3 O-O 8. a4 Bb7 9. d3 d6 10.
Bd2 Qd7 11. Nc3 Na5 12. Ba2 b4 13. Ne2 c5 14. Ng3 Rab8 15. h3 Bc6 16. Bc4 Nxc4 17. dxc4 Ne8 18. b3 g6 19.
Bh6 Ng7 20. Qd3 f5 21. Rad1 Rbd8 22. c3 f4 23. Nf1 Qb7 24. cxb4 Qxb4 25. g3 fxg3 26. fxg3 Rf7 27. Bxg7 Kxg7 28. N1d2 Rdf8 29. Rf1 Qb7 30. Kg2 h5 31. h4 Qc8 32. Nh2 Qe6 33.
Rxf7+ Rxf7 34. Rf1 Rxf1 35. Nhxf1 Bd7 36. Nf3 Qh3+ 37. Kg1 Bc6 38. Kf2 Qg4 39. N3d2 Qh3 40. Qf3 Bd8 41. Qd3 Be7 42. Nf3 Qg4 43. N1d2 Kf7 44. Kg2 Ke8 45. Nh2 Qe6 46. Qf3 Qf7 47. Qe3 Qf5 48.
Kg1 Qh3 49. Qf3 g5 50. Qxh5+ Kd8 51. Nhf1 gxh4 52. Qh8+ Kd7 53. Qh5 Kc7 54. Qh7 Kd8 55. Qg8+ Kc7 56. Qh7 Kd8 57. Qg8+ 1/2-1/2

[Event "XXII Rochefort Chess Masters"]
[Site "ROCHEFORT, France"]
[Date "2024.02.22"]
[Round "8.1"]
[White "Sivuk, Vitaly"]
[Black "Romanov, Evgeny"]
[Result "1-0"]
[TimeControl "1h30/40 - 30' + [30'']"]
[WhiteElo "2520"]
[BlackElo "2593"]

1. d4 Nf6 2. c4 e6 3. Nc3 d5 4.
cxd5 exd5 5. Bg5 Be7 6.
e3 O-O 7. Bd3 Re8 8. Nf3 h6 9. Bf4 c5 10. dxc5 Bxc5 11. O-O Nc6 12. h3 a6 13.
Rc1 Ba7 14. Ne2 Bd7 15. Qb3 b5 16. Ned4 Rc8 17. Nxc6 Bxc6 18. Bf5 Bd7 19. Rxc8 Qxc8 20. Bxd7 Qxd7 21. Rd1 Rd8 22. Be5 Ne4 23. Rc1 Bc5 24. Qc2 Qe6 25. a3 g5 26. b4 Bf8 27. Qc6 Qf5 28. Rc2 Nd6 29. Bxd6 Rxd6 30. Qc8 Qd3 31. Nd4 Rf6 32. Qd8 Kg7 33. g4 Qxa3 34. Rc8 Qxb4 35. Nf5+ Rxf5 36. gxf5 a5 37. f6+ Kg8 38. Qe7 1-0

[Event "XXII Rochefort Chess Masters"]
[Site "ROCHEFORT, France"]
[Date "2024.02.22"]
[Round "8.4"]
[White "Laurent-Paoli, Pierre"]
[Black "Mullon, Jean-Baptiste"]
[Result "1/2-1/2"]
[TimeControl "1h30/40 - 30' + [30'']"]
[WhiteElo "2537"]
[BlackElo "2304"]

1. d4 d5 2. c4 c6 3. Nf3 Nf6 4. Nc3 dxc4 5. a4 Bf5 6. Ne5 Nbd7 7. Nxc4 Qc7 8. g3 e5 9. dxe5 Nxe5 10. Bf4 Nfd7 11. Bg2 g5 12. Nxe5 gxf4 13. Nxd7 Bxd7 14. Qd4 Rg8 15. Bf3 Bg7 16. Qxf4 Qxf4 17. gxf4 Be6 18. a5 O-O-O 19. a6 Bxc3+ 20. bxc3 Bd5 21. Bxd5 Rxd5 22. axb7+ Kxb7 23. e3 a5 24. Ke2 Rgd8 25. Rhg1 R8d7 26. Rg7 h6 27. Rh7 Kb6 28. Rxh6 Rd2+ 29. Kf3 Rc2 30. Rb1+ Kc7 31. Rh5 Rdd2 32. Rxa5 Rxf2+ 33. Ke4 Rxc3 34. Kd4 Rfc2 35. Ra7+ Kd6 36. Rxf7 Rc4+ 37. Kd3 R4c3+ 38. Ke4 Re2 39. Rd1+ Ke6 40. Rd3 Rc4+ 41. Kf3 Rxe3+ 42. Rxe3+ Kxf7 43. Kg4 Kf6 44. h4 Rc1 45.
h5 Rg1+ 46. Rg3 Rh1 47. Rc3 Rg1+ 48. Kf3 Rf1+ 49. Kg3 Rg1+ 50. Kf2 Ra1 51. Rc5 Ra3 52. Kg2 Rd3 53. Rg5 Ra3 54. Rc5 Rb3 55. Rg5 Ra3 56. Rg3 Ra1 57. Kf3 Rf1+ 58. Kg4 Rh1 59. Rg2 Ra1 60. Rc2 Rg1+ 61. Kf3 Rf1+ 62. Kg3 Rg1+ 63. Kh2 Ra1 64. Rc5 Ra3 65. Kg2 Rb3 66. h6 Kg6 67. Rxc6+ Kh7 68. f5 Ra3 69. Rg6 Ra5 70. Rf6 Ra3 71. Re6 Ra5 72. f6 Kxh6 73. f7+ Kg7 74. Rf6 Kf8 75. Kg3 Ra7 76. Kf4 Rxf7 77. Rxf7+ Kxf7 78. Ke4 1/2-1/2

[ePGN "0.1;DGT LiveChess/2.2.6"]

[Event "XXII Rochefort Chess Masters"]
[Site "ROCHEFORT, France"]
[Date "2024.02.23"]
[Round "9.3"]
[White "Romanov, Evgeny"]
[Black "Dalaud, Dorian"]
[Result "1-0"]
[TimeControl "1h30/40 - 30' + [30'']"]
[WhiteElo "2593"]
[BlackElo "2332"]

1. e4 c5 2. b3 g6 3. Bb2 Nf6 4. e5 Nd5 5. e6 f6 6. exd7+ Qxd7 7. h4 Nc6 8. h5 g5 9. Bc4 Qd6 10. Nc3 Nxc3 11. dxc3 Qe5+ 12. Qe2 Bg4 13. f3 Bd7 14. O-O-O O-O-O 15. Qf2 g4 16. Kb1 Bh6 17. Ne2 gxf3 18. gxf3 Bf5 19. f4 Bxc2+ 20. Kxc2 Qe4+ 21. Kc1 e5 22. Qh4 Rhf8 23. Qh3+ Kb8 24.
Bd3 Bxf4+ 25. Kc2 1-0

[Event "XXII Rochefort Chess Masters"]
[Site "ROCHEFORT, France"]
[Date "2024.02.23"]
[Round "9.1"]
[White "Mullon, Jean-Baptiste"]
[Black "Sivuk, Vitaly"]
[Result "0-1"]
[TimeControl "1h30/40 - 30' + [30'']"]
[WhiteElo "2304"]
[BlackElo "2520"]

1. e4 c6 2. d4 d5 3. Nc3 dxe4 4. Nxe4 Nd7 5. Bc4 Ngf6 6. Nxf6+ Nxf6 7. c3 Qc7 8. Qe2 Bg4 9. f3 Bf5 10.
g4 Bd7 11. Nh3 Nd5 12. Bb3 h5 13. Ng5 e6 14. Bd2 Be7 15. Bxd5 cxd5 16. O-O-O a5 17. Kb1 b5 18. h4 Qc4 19. Qe3 b4 20. Rhe1 b3 21. Bc1 bxa2+ 22. Ka1 Ra6 23. Qf4 f6 24. Nh3 a4 25. Qb8+ Bd8 26. Nf4 a3 27. Qb7 Rd6 28. gxh5 axb2+ 29. Bxb2 Rh7 30. h6 Rxh6 31. Nxe6 Rxe6 32. Rxe6+ Bxe6 33. Re1 f5 34. Qxg7 Rf6 35. h5 Qc7 36. Qh8+ Kd7 37. h6 Qg3 38. Rh1 Qg2 39. Rh5 Bf7 40.
Qh7 Be7 0-1

[Event "XXII Rochefort Chess Masters"]
[Site "ROCHEFORT, France"]
[Date "2024.02.23"]
[Round "9.5"]
[White "Larkin, Vladyslav"]
[Black "Colin, Vincent"]
[Result "1-0"]
[TimeControl "1h30/40 - 30' + [30'']"]
[WhiteElo "2460"]
[BlackElo "2313"]

1. d4 Nf6 2. Bf4 d5 3.
e3 c5 4.
c3 Nc6 5. Nf3 Qb6 6. Qb3 c4 7.
Qc2 Bf5 8. Qc1 e6 9. Nbd2 Rc8 10. Be2 h6 11. Bd1 Qd8 12. Bc2 Bxc2 13. Qxc2 b5 14. O-O Be7 15. Be5 O-O 16.
Bxf6 Bxf6 17. a3 g5 18. h3 Bg7 19. e4 f5 20.
exf5 Rxf5 21. Rfe1 Qd7 22. Nf1 Rcf8 23. Ng3 Rxf3 24. gxf3 Qf7 25. Re3 e5 26. dxe5 Nxe5 27. Qe2 Nxf3+ 28. Kg2 Nh4+ 29. Kf1 d4 30.
Re7 Qd5 31. Qe4 Qxe4 32. Nxe4 Rf3 33.
cxd4 Bxd4 34. Rd1 Nf5 35. Rd7 Bxb2 36. Rxa7 Bd4 37. Rd7 c3 38.
Ke2 c2 39. Rc1 Rf4 40. Kd3 Rf3+ 41. Kxc2 Bg7 42. Kd2 Nd4 43. Rc8+ Kh7 44. Rcc7 Ne6 45. Ra7 Rf5 46. Ng3 Rxf2+ 47. Ke1 Rf6 48. Nh5 Rg6 49.
Rd6 Kg8 50. Nxg7 Rxg7 51. Rxg7+ Nxg7 52. Rxh6 1-0